Construct Infanterie Kompanie
Construct Luftwaffe Kompanie
Selects Designate Defensive Line
Flak 30 Anti-aircraft Gun Team
Luftwaffe Officer Quarters
Infanterie Officer Quarters
Selects Designated Artillery Overwatch
Selects Artillery Officer
Marder III M Tank Destroyer
Selects Call the Reserves!
Construct Panzer Kompanie
Marder III M Tank Destroyer
Selects Obice da 210/22 Artillery Emplacement
Marder III M Tank Destroyer
Marder III M Tank Destroyer
Marder III M Tank Destroyer
Construct Panzergrenadier Kompanie
Marder III M Tank Destroyer
Selects Italian Coastal Battlegroup
Selects Luftwaffe Battlegroup